 Dungeon Crawl Stone Soup version 0.29-a0-360-g8ed1089bbe (webtiles) character file.

Game seed: 5253055689596901736

6536 dolemite99 the Cleaver (level 11, -1/91 HPs)
             Began as a Hill Orc Fighter on Apr 29, 2022.
             Was a Priest of Qazlal.
             Collided with a rock wall (9 damage)
             ... caused by a wretched star
             ... on level 1 of the Abyss.
             The game lasted 00:10:48 (12027 turns).

dolemite99 the Cleaver (Hill Orc Fighter)          Turns: 12027, Time: 00:10:48

Health: -1/91      AC: 12    Str: 22    XL:     11   Next: 1%
Magic:  14/14      EV:  9    Int:  8    God:    Qazlal [***...]
Gold:   602        SH: 20    Dex: 12    Spells: 10/10 levels left

rFire   . . .      SeeInvis .   a - +2 war axe (flame)
rCold   + . .      Faith    .   B - +0 kite shield
rNeg    . . .      Spirit   .   D - +2 ring mail {rC+}
rPois   .          Reflect  +   N - +0 helmet
rElec   .          Harm     .   y - +2 cloak
rCorr   .          Rampage  .   C - +1 pair of gloves
Will    .....                   (no boots)
Stlth   +.........              w - amulet of reflection
HPRegen 0.25/turn               H - ring of wizardry
MPRegen 0.14/turn               (no ring)

@: lethally poisoned (-1 -> -21), slowed, very slow
A: [deformed body], [low MP 2]
a: Renounce Religion, Upheaval, Elemental Force


You were on level 1 of the Abyss.
You worshipped Qazlal.
Qazlal was most pleased with you.
You visited 1 branch of the dungeon, and saw 10 of its levels.
You visited the Abyss 1 time.

You collected 602 gold pieces.

Inventory:

Hand Weapons
 a - a +2 war axe of flaming (weapon)
 m - a +0 war axe
 o - a +1 whip of freezing
 G - a +0 flail of protection
 J - a +2 hand axe of venom
 K - a +0 whip of electrocution
 O - the +6 rapier of Ruination {venom, rF+ rCorr Str-5 Int+3}
   (You found it on level 6 of the Dungeon)

   It poisons the flesh of those it strikes.
   Str:       It affects your strength (-5).
   Int:       It affects your intelligence (+3).
   rF:        It protects you from fire.
   rCorr:     It protects you from acid and corrosion.
Missiles
 k - 330 stones (quivered)
 n - 25 poisoned darts
 q - 5 javelins
 E - 3 throwing nets
Armour
 c - a +0 buckler
 y - a +2 cloak (worn)
 B - a +0 kite shield (worn)
 C - a +1 pair of gloves (worn)
 D - a +2 ring mail of cold resistance (worn)
 N - a +0 helmet (worn)
Magical Staves
 v - a staff of fire
Jewellery
 w - an amulet of reflection (around neck)
 H - a ring of wizardry (left hand)
Wands
 h - a wand of flame (23)
 L - a wand of iceblast (3)
Scrolls
 b - a scroll of identify {@r1}
 f - 4 scrolls of fear
 i - 2 scrolls of vulnerability
 u - 4 scrolls of noise
 x - 5 scrolls of teleportation
 F - 3 scrolls of blinking
 M - a scroll of enchant armour
Potions
 d - a potion of curing
 e - a potion of mutation {unknown}
 g - a potion of might
 j - 3 potions of ambrosia
 l - a potion of resistance {unknown}
 r - 4 potions of berserk rage
 s - a potion of magic {unknown}
 t - 3 potions of attraction
 z - 3 potions of brilliance


   Skills:
 - Level 6.9 Fighting
 - Level 14.8 Axes
 - Level 6.2 Armour
 + Level 8.1 Shields
 + Level 8.7 Invocations


You had 10 spell levels left.
You didn't know any spells.
Your spell library contained the following spells:

 Spells                   Type           Power      Damage    Failure   Level
 Poisonous Vapours        Pois/Air       0%         N/A       65%         2
 Mephitic Cloud           Conj/Pois/Air  0%         N/A       86%         3
 Olgreb's Toxic Radiance  Pois           0%         N/A       99%         4


Dungeon Overview and Level Annotations

Branches:
Dungeon (10/15)            Temple (0/1) D:6            Lair (0/6) D:9
    Orc: D:9-12

Altars:
Cheibriados
Fedhas
Qazlal

Annotations:
D:10 Psyche


Innate Abilities, Weirdness & Mutations

[Armour fits poorly on your strangely shaped body.]
[Your magical capacity is very low. (-20% MP)]


Message History

The tarantella changes into a moth of wrath!
You block the small abomination's attack.
You slash the moth of wrath! You burn the moth of wrath.
The moth of wrath is moderately wounded.
You barely miss the small abomination.
You block the small abomination's attack.
You block the moth of wrath's attack.
You slash the moth of wrath! You burn the moth of wrath.
The moth of wrath is heavily wounded.
You slash the small abomination! You burn the small abomination.
The moth of wrath changes into a death drake!
The small abomination hits you!
You block the small abomination's attack.
You barely miss the death drake.
The death drake is lightly wounded.
You hit the small abomination but do no damage.
The wretched star pulses with an eldritch light!
You block the death knight's attack.
You block the small abomination's attack.
You block the death drake's attack.
You slash the death drake! You burn the death drake.
The death drake is moderately wounded.
You slash the small abomination! You burn the small abomination.
You destroy the small abomination!
That felt strangely unrewarding.
You block the death drake's attack. You block the death knight's attack.
You barely miss the death drake.
The death drake is moderately wounded.
The death drake breathes miasma at you. The foul vapour engulfs you!
You are poisoned.
You feel yourself slow down.
The death knight is engulfed in dark miasma.
The death knight is poisoned.
You block the death knight's attack.
The wretched star glows turbulently.
The lance of force hits you!!
* * * LOW HITPOINT WARNING * * *
You are knocked back by the lance of force.
You slam into the rock wall!
You die...

.. ... ..
##.. ...#...
.......
.......####
.....#○○#*##
#...○☼k○#
##.○@##.#
#..#p..##
....#.##.#
.... #.#..#
.... ##p#..
. ....
#.##.#.
...##### #
.# #
....#.#.##
.# ....... #
#


You could see a death knight (poisoned), a death drake shaped shifter (catching
breath) and a wretched star.

Vanquished Creatures
  A wretched star (Abyss:1)
  Pikel (D:4)
  Maurice (D:8)
  A smoke demon (Abyss:1)
  A kobold demonologist (D:9)
  2 hellwings (Abyss:1)
  2 hornets
  A large abomination (Abyss:1)
  3 wyverns
  2 vampires (D:9)
  A ynoxinul (Abyss:1)
  A basilisk (D:9)
  15 yaks
  4 small abominations (Abyss:1)
  4 fire bats (Abyss:1)
  A neqoxec (Abyss:1)
  Edmund (D:4)
  2 water moccasins
  2 ice beasts
  2 black bears (D:6)
  An ogre (D:6)
  3 lemures (D:4)
  5 centaurs
  A gnoll sergeant (D:4)
  3 scorpions
  4 howler monkeys
  4 hounds
  2 jellies
  A gnoll shaman (D:5)
  An orc priest (D:3)
  3 iguanas
  9 gnolls
  3 adders
  A white imp (D:7)
  2 ufetubi
  2 worms
  2 dart slugs
  21 orcs
  9 bats
  8 endoplasms
  A giant cockroach (D:2)
  8 goblins
  7 hobgoblins
  7 jackals
  3 quokkas
  6 ball pythons
  5 frilled lizards
  9 kobolds
  A rat (D:3)
180 creatures vanquished.

Vanquished Creatures (others)
  5 foxfires (Abyss:1)
  A fungus (D:9)
  22 plants (D:9)
28 creatures vanquished.

Grand Total: 208 creatures vanquished

Notes
Turn   | Place    | Note
-------+----------+-------------------------------------------
     0 | D:1      | dolemite99 the Hill Orc Fighter began the quest for the
                  | Orb.
     0 | D:1      | Reached XP level 1. HP: 19/19 MP: 1/1
   138 | D:1      | Reached skill level 3 in Axes
   223 | D:1      | Reached XP level 2. HP: 6/26 MP: 2/2
   695 | D:1      | Reached skill level 4 in Axes
  1060 | D:1      | Found a faded altar of an unknown god.
  1067 | D:1      | Prayed at the altar of an unknown god.
  1067 | D:1      | Became a worshipper of Qazlal Stormbringer
  1067 | D:1      | Reached * piety under Qazlal
  1191 | D:1      | Reached XP level 3. HP: 31/31 MP: 3/3
  1799 | D:2      | Reached ** piety under Qazlal
  1800 | D:2      | Reached skill level 5 in Axes
  2518 | D:3      | Reached skill level 6 in Axes
  2518 | D:3      | Reached XP level 4. HP: 35/39 MP: 4/4
  3088 | D:3      | Noticed an ice beast
  3108 | D:3      | Killed an ice beast
  3109 | D:3      | Reached skill level 7 in Axes
  3109 | D:3      | Reached XP level 5. HP: 45/45 MP: 5/5
  3421 | D:4      | Reached skill level 8 in Axes
  3421 | D:4      | Reached XP level 6. HP: 48/51 MP: 6/6
  3625 | D:4      | Reached *** piety under Qazlal
  3700 | D:4      | Reached skill level 9 in Axes
  4502 | D:4      | Noticed Pikel
  4511 | D:4      | Killed Pikel
  4512 | D:4      | Reached skill level 11 in Axes
  4512 | D:4      | Reached XP level 7. HP: 57/57 MP: 7/7
  4512 | D:4      | Reached XP level 8. HP: 64/64 MP: 8/8
  5007 | D:5      | Entered Level 5 of the Dungeon
  5015 | D:4      | Reached skill level 12 in Axes
  5490 | D:5      | Noticed Edmund
  5502 | D:4      | Killed Edmund
  5503 | D:4      | Reached skill level 13 in Axes
  6341 | D:5      | Found a snail-covered altar of Cheibriados.
  6678 | D:6      | Reached skill level 14 in Axes
  6723 | D:6      | Reached XP level 9. HP: 48/70 MP: 9/9
  6872 | D:6      | Got Cytiofuc's Grimoire of Poison
  6988 | D:6      | Identified the +6 rapier of Ruination {venom, rF+ rCorr
                  | Str-5 Int+3}
  7320 | D:6      | Found a staircase to the Ecumenical Temple.
  8133 | D:7      | Noticed a hornet
  8138 | D:7      | Killed a hornet
  8139 | D:7      | Reached skill level 5 in Fighting
  8139 | D:7      | Reached skill level 5 in Armour
  8723 | D:8      | Reached **** piety under Qazlal
  8926 | D:8      | Noticed Maurice
  8949 | D:8      | Killed Maurice
  9175 | D:8      | Found a blossoming altar of Fedhas.
  9477 | D:9      | Reached skill level 1 in Invocations
  9483 | D:8      | Reached XP level 10. HP: 84/84 MP: 9/11
  9522 | D:9      | Noticed a kobold demonologist
  9529 | D:9      | Killed a kobold demonologist
  9761 | D:9      | Reached skill level 5 in Shields
  9797 | D:9      | Reached skill level 5 in Invocations
 10143 | D:9      | Found a staircase to the Lair.
 11215 | D:10     | Entered Level 10 of the Dungeon
 11229 | D:10     | Paralysed by a hornet for 2 turns
 11232 | D:10     | Reached XP level 11. HP: 47/91 MP: 17/17
 11610 | D:10     | Noticed Psyche
 11621 | D:10     | Cast into level 1 of the Abyss (Psyche)
 11778 | Abyss:1  | Noticed a wretched star
 11784 | Abyss:1  | Killed a wretched star
 11853 | Abyss:1  | Noticed a wretched star
 11866 | Abyss:1  | Noticed a starcursed mass
 11873 | Abyss:1  | Noticed a will-o-the-wisp
 12002 | Abyss:1  | Noticed a wretched star
 12007 | Abyss:1  | Noticed a death knight
 12022 | Abyss:1  | Noticed a moth of wrath
 12022 | Abyss:1  | a tarantella changed into a moth of wrath
 12024 | Abyss:1  | Noticed a death drake
 12024 | Abyss:1  | a moth of wrath changed into a death drake
 12027 | Abyss:1  | Collided with a rock wall

Illustrated notes

Levels and vault maps discovered:
D:1:      erik_arrival_triangle_large, layout_loops_ring,
          dilly_ecumenical_altar_fadedgnrine, minmay_quantized
D:2:      layout_basic, minmay_hexomino_f4
D:3:      layout_basic
D:4:      layout_loops_ring, grunt_ministairs_15,
          hangedman_abyss_or_decor_lesser_grid, uniq_pikel
D:5:      layout_rooms, kennysheep_little_box, uniq_edmund
D:6:      layout_cave_pools, lemuel_temple_firewalk_b, amcnicky_mini_pool_small
D:7:      layout_basic, chequers_serial_rivers_micro_e, dk_noncrumbling_2,
          chequers_serial_rivers_large_b
D:8:      layout_basic, lemuel_crystal_altar, serial_glass, glass_columns_a,
          glass_columns_c, glass_columns_a, glass_columns_a, glass_columns_b,
          kennysheep_generic_room_16, uniq_maurice
D:9:      layout_gridville, minmay_lair_entry_grove
D:10:     layout_irregular_city, nicolae_overflow_crystal_walls,
          minmay_statue_bubble, uniq_sonja, uniq_psyche
Abyss:1:  base:
D:1

Skill      XL: |  1  2  3  4  5  6  7  8  9 10 |
---------------+-------------------------------+-----
Axes           | 3 4 6 7 8 11 14 | 14.8
Fighting       | 6 |  6.9
Armour         | 6 |  6.2
Invocations    | 2 8 |  8.7
Shields        | 4 8 |  8.1

Action                   |  1- 3 |  4- 6 |  7- 9 | 10-12 || total
-------------------------+-------+-------+-------+-------++-------
Melee: War axe           |   105 |   134 |   118 |   161 ||   518
       Hand axe          |       |       |    49 |       ||    49
       Unarmed           |       |       |       |     1 ||     1
Throw: Boomerang         |    35 |    45 |       |       ||    80
       Javelin           |     5 |       |       |       ||     5
       Stone             |       |    11 |    78 |    18 ||   107
Invok: Upheaval          |       |       |       |     3 ||     3
Evoke: Wand              |       |       |       |     5 ||     5
  Use: Potion            |     1 |     4 |       |     5 ||    10
       Scroll            |       |     7 |    18 |     3 ||    28
 Stab: Invisible         |       |       |       |     5 ||     5
Armor: Scale mail        |    58 |    37 |       |       ||    95
       Skin              |       |    12 |       |       ||    12
       Ring mail         |       |     7 |    44 |    47 ||    98
Dodge: Dodged            |    46 |    63 |    44 |    47 ||   200
Block: Buckler           |    45 |    60 |    84 |       ||   189
       Kite shield       |       |       |     8 |   187 ||   195
       Reflection        |       |       |     4 |     5 ||     9

Table legend: (Time is in decaauts)
 A = Elapsed time spent in this place.
 B = Non-inter-level travel time spent in this place.
 C = Inter-level travel time spent in this place.
 D = Time resting spent in this place.
 E = Time spent auto-exploring this place.
 F = Levels seen in this place.
 G = Mean time per level.
                   A        B        C        D        E       F      G
               +--------+--------+--------+--------+--------+-----+--------+
         Total |  12150 |  11506 |    644 |   4148 |   5335 |  11 | 1104.5 |
       Dungeon |  11742 |  11098 |    644 |   3981 |   5335 |  10 | 1174.2 |
         Abyss |    407 |    407 |      0 |    166 |      0 |   1 |  407.0 |
               +--------+--------+--------+--------+--------+-----+--------+

Top non-repeatable levels by time:
     D:4: 2608 daAuts
     D:1: 1603 daAuts
     D:7: 1380 daAuts
     D:9: 1327 daAuts
     D:2: 1102 daAuts
     D:3: 946 daAuts
     D:8: 840 daAuts
     D:6: 792 daAuts
     D:5: 734 daAuts
 Abyss:1: 407 daAuts
    D:10: 407 daAuts
